 Dungeon Crawl Stone Soup version 0.31-a0-1529-g7bd419a0e5 (webtiles) character file.

Game seed: 2549970624431852095

19130 Dirtsage the Mimic (level 12, -3/86 HPs)
             Began as an Octopode Shapeshifter on Dec 31, 2023.
             Was a Believer of the Shining One.
             Slain by a skyshark (12 damage)
             ... on level 3 of the Lair of Beasts.
             The game lasted 00:26:14 (14433 turns).

Dirtsage the Mimic (Octopode Shapeshifter)         Turns: 14433, Time: 00:26:14

Health: -3/86      AC:  3    Str: 14    XL:     12   Next: 65%
Magic:  16/16      EV: 16    Int: 18    God:    the Shining One [**....]
Gold:   734        SH:  0    Dex: 15    Spells: 11/11 levels left

rFire   . .          .
                       - Unarmed
rCold   + . .        d - melded orb {light}
rNeg    + . .        A - +2 hat
rPois   .            K - amulet of Dogeicwe {Acrobat rElec Int+5}
rElec   +            I - ring of protection from cold
rCorr   .            (no ring)
SInv    .            (no ring)
Will    .....        (no ring)
Stlth   +            (no ring)
HPRegen 0.34/turn    (no ring)
MPRegen 0.15/turn    (no ring)
                     (no ring)

%: acrobat
@: blade tentacles, glowing
A: almost no armour, amphibious, 8 rings, camouflage 1, gelatinous body 1,
(nimble swimmer 1), tentacles
a: Begin Untransformation, Renounce Religion, Divine Shield


You were on level 3 of the Lair of Beasts.
You worshipped the Shining One.
The Shining One was pleased with you.
You had blades for main tentacles.
You visited 3 branches of the dungeon, and saw 14 of its levels.

You collected 734 gold pieces.

Inventory:

Missiles
 h - 4 throwing nets
 C - a curare-tipped dart
Armour
 d - an orb of light (melded)
 A - a +2 hat (worn)
 E - the +0 hat of Responsibility {rCorr Str-3 Int+8 Dex-2}
   (You found it on level 8 of the Dungeon)

   Str-3:     It affects your strength (-3).
   Int+8:     It affects your intelligence (+8).
   Dex-2:     It affects your dexterity (-2).
   rCorr:     It protects you from acid and corrosion.
Magical Staves
 s - a staff of cold
 z - a staff of air
Jewellery
 I - a ring of protection from cold (left blade tentacle)
 K - the amulet of Dogeicwe (around mantle) {Acrobat rElec Int+5}
   (You found it on level 2 of the Lair of Beasts)

   [amulet of the acrobat]

   Acrobat:   It increases your evasion while moving and waiting.
   Int+5:     It affects your intelligence (+5).
   rElec:     It insulates you from electricity.
Talismans
 b - a beast talisman
 c - a flux talisman
 j - a storm talisman
 y - a blade talisman (active)
Wands
 D - a wand of digging (6)
 N - a wand of iceblast (1)
Scrolls
 a - 5 scrolls of revelation {unknown}
 e - 3 scrolls of fog {unknown}
 f - 6 scrolls of teleportation {unknown}
 i - 5 scrolls of identify
 m - 2 scrolls of acquirement {unknown}
 o - 2 scrolls of silence {unknown}
 p - 5 scrolls of enchant armour {unknown}
 r - 2 scrolls of vulnerability {unknown}
 w - a scroll of summoning {unknown}
 x - 2 scrolls of poison {unknown}
 F - a scroll of brand weapon {unknown}
 G - a scroll of blinking {unknown}
 H - 2 scrolls of immolation {unknown}
Potions
 g - 2 potions of attraction {unknown}
 k - 2 potions of degeneration
 l - 2 potions of heal wounds
 n - 2 potions of resistance
 q - a potion of curing
 t - a potion of enlightenment {unknown}
 u - a potion of haste {unknown}
 v - 2 potions of mutation
 B - 2 potions of magic {unknown}
 J - 7 potions of ambrosia
 L - 2 potions of might {unknown}
 M - a potion of experience {unknown}


   Skills:
 + Level 9.4 Fighting
 - Level 7.2 Dodging
 + Level 9.8 Unarmed Combat
 + Level 6.5 Invocations
 * Level 12.4 Shapeshifting


You had 11 spell levels left.
You didn't know any spells.
Your spell library contained the following spells:

 Spells                   Type           Power      Damage    Failure   Level
 Apportation              Tloc           0%         N/A       22%         1
 Necrotise                Necr           0%         1d4       22%         1
 Summon Small Mammal      Summ           0%         N/A       22%         1
 Blink                    Tloc           0%         N/A       32%         2
 Call Imp                 Summ           0%         N/A       32%         2
 Jinxbite                 Hex            0%         N/A       32%         2
 Lesser Beckoning         Tloc           0%         N/A       32%         2
 Momentum Strike          Conj/Tloc      0%         3d8       32%         2
 Sublimation of Blood     Necr           0%         N/A       32%         2
 Call Canine Familiar     Summ           0%         N/A       54%         3
 Fugue of the Fallen      Necr           0%         N/A       54%         3
 Inner Flame              Hex/Fire       0%         N/A       54%         3
 Ozocubu's Armour         Ice            0%         N/A       54%         3
 Vampiric Draining        Necr           0%         2d6       54%         3
 Flame Wave               Conj/Fire      0%         2d4       91%         4
 Manifold Assault         Tloc           0%         N/A       91%         4
 Martyr's Knell           Necr/Summ      0%         N/A       91%         4
 Sticky Flame             Fire/Alch      0%         2d4       91%         4
 Summon Blazeheart Golem  Fire/Summ      0%         N/A       91%         4
 Vhi's Electric Charge    Tloc/Air       0%         N/A       91%         4
 Alistair's Intoxication  Alch           0%         N/A       99%         5
 Arcjolt                  Conj/Air       0%         1d10      99%         5
 Curse of Agony           Necr           0%         N/A       99%         5
 Summon Forest            Summ/Tloc      0%         N/A       99%         5
 Summon Mana Viper        Hex/Summ       0%         N/A       99%         5
 Summon Cactus Giant      Summ           0%         N/A       100%        6
 Summon Hydra             Summ           0%         N/A       100%        7
 Maxwell's Capacitive Co  Air            0%         ∞         100%        8


Dungeon Overview and Level Annotations

Branches:
Dungeon (10/15)            Temple (1/1) D:7            Lair (3/5) D:10
 Shoals (0/4) Lair:2       Spider (0/4) Lair:3
    Orc: D:9-12

Altars:
Ashenzari
Cheibriados
Dithmenos
Elyvilon
Fedhas
Gozag
Hepliaklqana
Kikubaaqudgha
Makhleb
Nemelex Xobeh
Okawaru
Qazlal
Ru
Sif Muna
Trog
Uskayaw
Vehumet
Wu Jian
Xom
Yredelemnul
Zin
The Shining One

Shops:
D:4 [   D:8 :

Annotations:
Lair:3 4 transporters


Innate Abilities, Weirdness & Mutations

You have blades for main tentacles.
You are incapable of wielding weapons or throwing items.
You cannot wear most types of armour.
You are amphibious.
You can wear up to eight rings at the same time.
Your skin changes colour to match your surroundings (Stealth+).
Your rubbery body absorbs attacks. (AC +1, EV +1)
((You are camouflaged when in or above water. (Stealth+)))
You have tentacles for arms and can constrict up to eight enemies at once.


Message History

You regained 3 hp, and now have 16/86 hp.
You feel sick.
You regained 2 hp, and now have 18/86 hp.
You feel sick.
You are no longer poisoned.
You regained 4 hp, and now have 22/86 hp.
You regained 5 hp, and now have 27/86 hp.
You regained 5 hp, and now have 32/86 hp.
You regained 5 hp, and now have 37/86 hp.
You feel less invigorated.
You feel less confused.
You regained 3 hp, and now have 40/86 hp.
Found a stone staircase leading down.
Health restored: 86 A skyshark comes into view.
You slice the skyshark!! You slash the skyshark!
The skyshark is heavily wounded.
The skyshark bites you!
The skyshark tastes blood and grows stronger!
The skyshark tail-slaps you! x2
You take 35 damage, and have 51/86 hp.
MASSIVE DAMAGE!!
You slice the skyshark!!
You squeeze the skyshark, but do no damage.
The skyshark is severely wounded.
You hit the skyshark but do no damage. You squeeze the skyshark.
The skyshark is almost dead.
The skyshark bites you!!
* * * LOW HITPOINT WARNING * * *
The skyshark enters a blood-rage!
The skyshark barely misses you. x2
You take 29 damage, and have 23/86 hp.
MASSIVE DAMAGE!!
You hit the skyshark but do no damage.
The skyshark is almost dead.
The skyshark bites you!
* * * LOW HITPOINT WARNING * * *
The skyshark barely misses you. The skyshark misses you.
You take 15 damage, and have 8/86 hp.
You hit the skyshark but do no damage.
The skyshark is almost dead.
The skyshark barely misses you. The skyshark tail-slaps you!
You die...

P.....###.. ### #
PPPP.#...[ #.. ..###PP...##
#.. .....##...#. #.#
#......#...P . #.#
#.#...##P# .P ####.########
##....#P ...#.#P.#.##...##
#...... .........F@.....##
##..#.. )...............P#
#..### ...!............##
#...##
.P.#####..##P#..######.....
## #....###.............
#...## #............. ##..#
##............. #..#
#..............
.>...##.............


You could see a skyshark (berserk).

Vanquished Creatures
  A two-headed ogre (D:9)
  A boulder beetle (Lair:2)
  Urug (Lair:1)
  5 elephants (Lair:2)
  2 black mambas
  6 cane toads
  A rime drake (Lair:3)
  3 komodo dragons
  Psyche (D:8)
  A queen bee (Lair:1)
  A hornet (D:8)
  A troll (D:10)
  2 culicivoras (Lair:3)
  A spriggan (D:7)
  A wyvern (D:10)
  A wraith (D:6)
  Grum (D:8)
  34 yaks
  2 redbacks (Lair:3)
  8 water moccasins
  An acid dragon (D:10)
  An ice beast (D:7)
  An orc warrior (D:8)
  A sky beast (D:7)
  A centaur (D:10)
  4 wolves (D:8)
  5 kobold brigands
  10 bullfrogs
  3 gnoll sergeants
  3 scorpions
  13 wights
  15 killer bees (Lair:1)
  3 howler monkeys
  2 bombardier beetles
  An electric eel (D:7)
  6 hounds
  2 jellies
  3 orc priests
  2 sleepcaps
  A gnoll bouda (D:7)
  2 iguanas
  5 orc wizards
  26 gnolls
  4 adders
  3 white imps
  2 dart slugs (D:1)
  2 ribbon worms
  19 orcs
  10 endoplasms
  5 giant cockroaches
  3 goblins
  7 hobgoblins
  26 kobolds
  3 quokkas
  8 ball pythons
  6 bats
  5 frilled lizards
  5 rats
293 creatures vanquished.

Notes
Turn   | Place    | Note
-------+----------+-------------------------------------------
     0 | D:1      | Dirtsage the Octopode Shapeshifter began the quest for the
                  | Orb.
     0 | D:1      | Reached XP level 1. HP: 13/13 MP: 1/1
    30 | D:1      | Found a faded altar of an unknown god.
    98 | D:1      | Reached XP level 2. HP: 15/18 MP: 2/2
   426 | D:1      | Reached XP level 3. HP: 21/23 MP: 3/3
   891 | D:2      | Reached XP level 4. HP: 29/29 MP: 4/4
  1207 | D:2      | Reached skill level 4 in Shapeshifting
  1430 | D:3      | Reached XP level 5. HP: 34/34 MP: 5/5
  1434 | D:3      | Identified the +9 hand axe of Symmetry {antimagic, rF+
                  | Str+2 Dex-4}
  1827 | D:4      | Reached XP level 6. HP: 41/41 MP: 6/6
  2204 | D:4      | Found Weesch's Armour Shoppe.
  2303 | D:4      | Reached skill level 5 in Shapeshifting
  2447 | D:4      | Found an ornate altar of the Wu Jian Council.
  2447 | D:4      | Found a shimmering altar of Xom.
  2517 | D:4      | Reached XP level 7. HP: 43/46 MP: 7/7
  2644 | D:5      | Entered Level 5 of the Dungeon
  4278 | D:6      | Reached XP level 8. HP: 48/54 MP: 8/8
  4305 | D:6      | Reached skill level 6 in Shapeshifting
  4525 | D:6      | Reached skill level 5 in Unarmed Combat
  4937 | D:6      | Noticed a wraith
  4950 | D:6      | Killed a wraith
  5682 | D:7      | Reached skill level 5 in Dodging
  5827 | D:7      | Found a sparkling altar of Nemelex Xobeh.
  5865 | D:7      | Reached skill level 7 in Shapeshifting
  5877 | D:7      | Noticed a spriggan hatter
  5880 | D:7      | Killed a spriggan hatter
  5881 | D:7      | Reached skill level 5 in Fighting
  5881 | D:7      | Reached XP level 9. HP: 42/61 MP: 9/9
  6014 | D:7      | Found a staircase to the Ecumenical Temple.
  6035 | Temple   | Entered the Ecumenical Temple
  6121 | Temple   | Became a worshipper of the Shining One
  6445 | D:7      | Found an iron altar of Okawaru.
  6560 | D:8      | Noticed Psyche
  6578 | D:8      | Killed Psyche
  6666 | D:8      | Reached skill level 8 in Shapeshifting
  6721 | D:8      | Found Jetzeh's Book Shoppe.
  6981 | D:8      | Reached XP level 10. HP: 62/68 MP: 10/10
  7022 | D:8      | Noticed Grum
  7034 | D:8      | Killed Grum
  7232 | D:8      | Identified the +0 hat of Responsibility {rCorr Str-3 Int+8
                  | Dex-2}
  7400 | D:8      | Reached skill level 9 in Shapeshifting
  8119 | D:9      | Noticed a two-headed ogre
  8139 | D:9      | Killed a two-headed ogre
  8263 | D:9      | Reached * piety under the Shining One
  8758 | D:9      | Reached skill level 1 in Invocations
  8895 | D:10     | Entered Level 10 of the Dungeon
  8895 | D:10     | Found a staircase to the Lair.
  9133 | D:10     | Found a bloodstained altar of Trog.
  9529 | D:10     | Reached skill level 10 in Shapeshifting
 10104 | D:10     | Reached XP level 11. HP: 75/75 MP: 12/12
 10232 | Lair:1   | Entered Level 1 of the Lair of Beasts
 10242 | Lair:1   | Noticed Urug
 10251 | Lair:1   | Killed Urug
 10513 | Lair:1   | Reached ** piety under the Shining One
 11265 | Lair:1   | Reached skill level 11 in Shapeshifting
 12236 | Lair:2   | Identified the +7 spear "Vyelaf" {protect, *Slow rElec
                  | Will++ SInv}
 12297 | Lair:2   | Reached skill level 5 in Invocations
 12387 | Lair:2   | Identified the amulet of Dogeicwe {Acrobat rElec Int+5}
 12414 | Lair:2   | Reached XP level 12. HP: 70/84 MP: 15/15
 12866 | Lair:2   | Found a staircase to the Shoals.
 13099 | Lair:2   | Noticed a boulder beetle
 13124 | Lair:2   | Killed a boulder beetle
 13430 | Lair:2   | Reached skill level 12 in Shapeshifting
 13684 | Lair:3   | Found a transporter.
 13686 | Lair:3   | Noticed a sun demon
 13688 | Lair:3   | Found a transporter.
 13691 | Lair:3   | Noticed a thrashing horror
 13744 | Lair:3   | Found a transporter.
 13744 | Lair:3   | Noticed a boulder beetle
 13745 | Lair:3   | Found a transporter.
 13745 | Lair:3   | Noticed a boulder beetle
 14068 | Lair:3   | Found a hole to the Spider Nest.
 14423 | Lair:3   | Noticed a skyshark
 14433 | Lair:3   | Slain by a skyshark

Illustrated notes

Levels and vault maps discovered:
D:1:      minmay_arrival_cross, layout_loops_ring,
          chequers_ecumenical_altar_island
D:2:      layout_loops_cross, minmay_quadrilaterals
D:3:      layout_rooms
D:4:      layout_rooms, gammafunk_temple_overflow_pools, serial_shops,
          nicolae_shop_rolling_square, corexii_hall_statues_u
D:5:      layout_layer_cave
D:6:      layout_basic
D:7:      layout_basic, lemuel_coloured_pillars_altar,
          mainiacjoe_overflow_cross_hatched, minmay_temple_entry_glassed_door,
          fountainhead, the_hattery
D:8:      layout_basic, serial_shops, shop_statue, hangedman_decor_riveting,
          kennysheep_dice, uniq_grum, uniq_psyche
D:9:      layout_loops_ring
D:10:     layout_layer_cave, trog_book, lair_entry_dummy
Temple:   bh_familiar_temple
Lair:1:   layout_long_grid, special_room [special_room_bee],
          beast_lair_carwin_1, infiniplex_staircase_pool_2, uniq_urug
Lair:2:   layout_loops_ring, elwin_shoals_entry_rocks
Lair:3:   gammafunk_boulding_lane, layout_small_grid,
          nicolae_spider_entry_tight_spaces, gammafunk_ghost_abyssal_escape,
          hangedman_lair_unloving_vines

Skill      XL: |  1  2  3  4  5  6  7  8  9 10 11 12 |
---------------+-------------------------------------+-----
Fighting       | 2 3 5 6 7 8 9 |  9.4
Shapeshifting  | 4 5 7 8 10 11 12 | 12.4
Dodging        | 3 4 5 6 7 |  7.2
Unarmed Combat | 4 5 6 7 9 |  9.8
Invocations    | 2 5 6 |  6.5

Action                     |  1- 3 |  4- 6 |  7- 9 | 10-12 || total
---------------------------+-------+-------+-------+-------++-------
  Melee: Unarmed           |    59 |    94 |   222 |   493 ||   868
         Constrict         |    17 |    33 |    58 |    81 ||   189
         Tentacles         |     9 |    36 |    78 |   165 ||   288
         Punch             |     1 |     2 |     2 |     2 ||     7
  Throw: Throwing net      |       |     1 |       |       ||     1
 Invoke: Divine Shield     |       |       |       |     1 ||     1
  Evoke: Wand              |       |       |       |     1 ||     1
    Use: Scroll            |       |       |     6 |       ||     6
         Potion            |       |       |     1 |     6 ||     7
   Stab: Sleeping          |     8 |     2 |     1 |       ||    11
 Armour: Skin              |    16 |    24 |    91 |   157 ||   288
  Dodge: Dodged            |    26 |    45 |   117 |   319 ||   507
  Block: Other             |       |       |       |     3 ||     3
   Form: Flux              |       |       |     1 |       ||     1
         Blade             |       |       |       |     1 ||     1

Table legend: (Time is in decaauts)
 A = Elapsed time spent in this place.
 B = Non-inter-level travel time spent in this place.
 C = Inter-level travel time spent in this place.
 D = Time resting spent in this place.
 E = Time spent auto-exploring this place.
 F = Levels seen in this place.
 G = Mean time per level.
                   A        B        C        D        E       F      G
               +--------+--------+--------+--------+--------+-----+--------+
         Total |  14344 |  13784 |    560 |     73 |  11464 |  14 | 1024.6 |
       Dungeon |  10085 |   9761 |    324 |     73 |   8143 |  10 | 1008.5 |
        Temple |    115 |      2 |    113 |      0 |      0 |   1 |  115.0 |
          Lair |   4142 |   4019 |    123 |      0 |   3321 |   3 | 1380.7 |
               +--------+--------+--------+--------+--------+-----+--------+

Top non-repeatable levels by time:
  Lair:2: 1712 daAuts
  Lair:1: 1543 daAuts
     D:8: 1439 daAuts
     D:5: 1387 daAuts
    D:10: 1331 daAuts
     D:7: 1244 daAuts
     D:6: 1115 daAuts
     D:9: 934 daAuts
  Lair:3: 887 daAuts
     D:4: 873 daAuts
     D:2: 724 daAuts
     D:1: 694 daAuts
     D:3: 340 daAuts
  Temple: 115 daAuts
